 Dungeon Crawl Stone Soup version 0.29-a0-994-gc5c9f59d18 (webtiles) character file.

Game seed: 15312961717042285647

14 ytrimaz the Shield-Bearer (level 2, 0/24 HPs)
             Began as a Formicid Fighter on Aug 3, 2022.
             Slain by Terence
             ... wielding a +1 morningstar of flaming
              (1 damage)
             ... on level 2 of the Dungeon.
             The game lasted 00:01:35 (1037 turns).

ytrimaz the Shield-Bearer (Formicid Fighter)        Turns: 1037, Time: 00:01:35

Health: 0/24       AC:  6    Str: 20    XL:     2   Next: 60%
Magic:  2/2        EV:  9    Int:  7    God:
Gold:   74         SH:  5    Dex: 13    Spells: 1/1 levels left

rFire   . . .      SeeInvis +   a - +0 flail
rCold   . . .      Faith    .   c - +0 buckler
rNeg    . . .      Spirit   .   b - +0 scale mail
rPois   .          Reflect  .   (helmet unavailable)
rElec   .          Harm     .   (no cloak)
rCorr   .          Rampage  .   (no gloves)
Will    .....                   (no boots)
Stlth   ..........              (no amulet)
HPRegen 0.08/turn               (no ring)
MPRegen 0.08/turn               (no ring)

@: no status effects
A: permanent stasis, dig shafts and tunnels, antennae 3, four strong arms
a: Dig, Shaft Self


You were on level 2 of the Dungeon.
You visited 1 branch of the dungeon, and saw 2 of its levels.

You collected 74 gold pieces.

Inventory:

Hand Weapons
 a - a +0 flail (weapon)
Armour
 b - a +0 scale mail (worn)
 c - a +0 buckler (worn)
Potions
 d - a potion of might
 g - a potion of mutation {unknown}
 h - a potion of resistance {unknown}
 i - 2 potions of curing {unknown}


   Skills:
 - Level 3.2 Fighting
 + Level 3.0 Maces & Flails
 - Level 3.2 Armour
 - Level 4.0 Shields


You had one spell level left.
You didn't know any spells.
Your spell library was empty.

Dungeon Overview and Level Annotations

Branches:
Dungeon (2/15)

Altars:

Shops:
D:1 (

Annotations:
D:2 Terence


Innate Abilities, Weirdness & Mutations

You cannot be hasted, slowed, berserked, paralysed or teleported.
You can dig through walls and to a lower floor.
You have a pair of large antennae on your head. (SInv)
Your four strong arms can wield two-handed weapons with a shield.


Message History

Your stasis prevents you from teleporting.
It was a scroll of blinking.
Unknown command.
Press: ? - help, v - describe, . - travel The floor.
There is a stone staircase leading down here.
You climb downwards.
There is a stone staircase leading up here.
Found a scale mail.
You see here a +0 scale mail.
You sense a monster nearby.
Terence and a frilled lizard come into view.
Terence is wielding a +1 morningstar of flaming.
Terence shouts!
The frilled lizard hisses angrily.
There are monsters nearby!
There are monsters nearby!
You barely miss the frilled lizard.
The frilled lizard completely misses you.
You hit the frilled lizard.
You kill the frilled lizard!
Terence barely misses you.
You see here a frilled lizard corpse.
You sock Terence!
Terence is moderately wounded.
Terence closely misses you.
You hit Terence but do no damage.
Terence is moderately wounded.
Terence hits you with a +1 morningstar of flaming!
Terence burns you.
Terence hits you with a +1 morningstar of flaming.
Terence burns you.
You hit Terence but do no damage.
Terence is moderately wounded.
You block Terence's attack.
You barely miss Terence.
Terence is moderately wounded.
Terence hits you with a +1 morningstar of flaming!
* * * LOW HITPOINT WARNING * * *
Terence burns you.
You die...

### {
#.. {
#.# #.#
##.##
##.#.##
##.###@#
##.##
##@#
#.## #..
##[##
#.#
#...# .#
#.##.# .
#.# #.#
# #.# .#
#.# #


You could see Terence.

Vanquished Creatures
  A dart slug (D:1)
  A ball python (D:1)
  An endoplasm (D:1)
  2 hobgoblins (D:1)
  2 kobolds (D:1)
  2 frilled lizards
  A goblin (D:1)
  2 rats (D:1)
12 creatures vanquished.

Notes
Turn   | Place    | Note
-------+----------+-------------------------------------------
     0 | D:1      | ytrimaz the Formicid Fighter began the quest for the Orb.
     0 | D:1      | Reached XP level 1. HP: 18/18 MP: 1/1
   469 | D:1      | Reached XP level 2. HP: 23/24 MP: 2/2
   543 | D:1      | Found Huqeukad's Antique Weapon Boutique.
  1029 | D:2      | Noticed Terence
  1037 | D:2      | HP: 1/24 [Terence/+1 morningstar of flaming (8)]
  1037 | D:2      | Slain by Terence

Illustrated notes

Levels and vault maps discovered:
D:1:      dpeg_arrival_shelter, layout_loops_ring, serial_shops, shop,
          minmay_fountain_box, chequers_mini_garden, kennysheep_another_room
D:2:      layout_loops_ring, serial_shops, shop, nicolae_shop_waterfront,
          nicolae_shop_stone, nicolae_shop_trees, shop,
          shapermc_ecumenical_altar_petra, serial_bayou_pond_d, uniq_terence

Skill      XL: |  1  2 |
---------------+-------+-----
Maces & Flails | 3 |  3.0
Fighting       | |  3.2
Armour         | |  3.2
Shields        | |  4.0

Action                   || total
-------------------------++-------
Melee: Flail             ||    41
  Use: Scroll            ||     4
Armor: Scale mail        ||    12
Dodge: Dodged            ||    19
Block: Buckler           ||     7

Table legend: (Time is in decaauts)
 A = Elapsed time spent in this place.
 B = Non-inter-level travel time spent in this place.
 C = Inter-level travel time spent in this place.
 D = Time resting spent in this place.
 E = Time spent auto-exploring this place.
 F = Levels seen in this place.
 G = Mean time per level.
                   A        B        C        D        E       F      G
               +--------+--------+--------+--------+--------+-----+--------+
         Total |   1048 |   1020 |     28 |      0 |    858 |   2 |  524.0 |
       Dungeon |   1048 |   1020 |     28 |      0 |    858 |   2 |  524.0 |
               +--------+--------+--------+--------+--------+-----+--------+

Top non-repeatable levels by time:
     D:1: 1022 daAuts
     D:2: 26 daAuts
